SKY
BOSTON RED SOX @ MINNESOTA TWINS
05/19/2052
 
TOP OF THE 1ST
Boston Red Sox batting - Pitching for Minnesota Twins : RHP Bertram Rosenberger
Pitching: RHP Bertram Rosenberger
Batting: RHB Jalen Duke 0-0: Called Strike
0-1: Called Strike
0-2: Ball
1-2: Strikes out looking
Batting: RHB Ruben Otero 0-0: Ball
1-0: Ball
2-0: Ball
3-0: Called Strike
3-1: Base on Balls
Batting: SHB Christian Gibbs 0-0: Ball
1-0: Ball
2-0: Foul Ball, location: 2RF
2-1: Ball
3-1: Called Strike
3-2: Base on Balls
Ruben Otero to second
Batting: RHB William Spicer 0-0: Ball
1-0: Called Strike
1-1: Ball
2-1: Foul Ball, location: 3F
2-2: Ball
3-2: DOUBLE (Line Drive, 7LM, EV 98.1 MPH)
Ruben Otero scores
Christian Gibbs to third
Batting: LHB Ben Viet 0-0: Called Strike
0-1: Foul Ball, location: 2F
0-2: Ground out 4-3 (Groundball, 34, EV 104.4 MPH)
Batting: RHB Pooh Whitney 0-0: Ball
1-0: Ground out 5-3 (Groundball, 56, EV 106.3 MPH)
Top of the 1st over - 1 run, 1 hit, 0 errors, 2 left on base; Boston 1 - Minnesota 0
BOTTOM OF THE 1ST
Minnesota Twins batting - Pitching for Boston Red Sox : RHP Wynn Bunch
Pitching: RHP Wynn Bunch
Batting: RHB Samuel Everhart 0-0: Called Strike
0-1: DOUBLE (Line Drive, 9LM, EV 99.4 MPH)
Batting: LHB Archer Charles 0-0: Called Strike
0-1: Fly out, F5 (Line Drive, 5L, EV 62.5 MPH)
Batting: RHB Raul Cathey 0-0: Foul Ball, location: 2F
0-1: Called Strike
Samuel Everhart is caught stealing 3rd base 2-5
0-2: Ball
1-2: Ball
2-2: Ball
3-2: TRIPLE (Line Drive, 78XD, EV 97.5 MPH)
Batting: RHB Zachary Dahdal 0-0: Foul Ball, location: 23FF
0-1: Ball
1-1: Foul Ball, location: 2F
1-2: Ball
2-2: Ball
3-2: Foul Ball, location: 5F
3-2: Fly out, F8 (Line Drive, 89M, EV 102.5 MPH)
Bottom of the 1st over - 0 runs, 2 hits, 0 errors, 1 left on base; Boston 1 - Minnesota 0
TOP OF THE 2ND
Boston Red Sox batting - Pitching for Minnesota Twins : RHP Bertram Rosenberger
Batting: RHB Liam Sena 0-0: Swinging Strike
0-1: Ball
1-1: Called Strike
1-2: DOUBLE (Line Drive, 7LM, EV 96.3 MPH)
Batting: RHB Alastair Cooledge 0-0: Called Strike
0-1: Foul Ball, location: 23FF
0-2: Ground out 5-3 (Groundball, 56, EV 80.0 MPH)
Batting: LHB Chase Veliz 0-0: Called Strike
0-1: Ball
1-1: Swinging Strike
1-2: Foul Ball, location: 3FF
1-2: Strikes out swinging
Batting: RHB Jalen Duke 0-0: Ball
1-0: Ball
2-0: Ball
3-0: Base on Balls
Batting: RHB Ruben Otero 0-0: Foul Ball, location: 9LSF
0-1: Ball
1-1: Called Strike
1-2: Ball
2-2: Strikes out swinging
Top of the 2nd over - 0 runs, 1 hit, 0 errors, 2 left on base; Boston 1 - Minnesota 0
BOTTOM OF THE 2ND
Minnesota Twins batting - Pitching for Boston Red Sox : RHP Wynn Bunch
Batting: LHB Rusty Holmes 0-0: Ground out 5-3 (Groundball, 56, EV 102.5 MPH)
Batting: RHB Nick Haftel 0-0: Foul Ball, location: 9LSF
0-1: Ball
1-1: Ball
2-1: Ball
3-1: Base on Balls
Batting: LHB Stanfield Reaves 0-0: Called Strike
0-1: Ball
1-1: Ball
2-1: Fly out, F9 (Line Drive, 9, EV 106.9 MPH)
Batting: RHB Isiah Crudup 0-0: Swinging Strike
0-1: Foul Ball, location: 2F
0-2: Ball
1-2: Ball
2-2: Foul Ball, location: 5SF
2-2: Foul Ball, location: 2F
2-2: Ball
3-2: Strikes out swinging
Bottom of the 2nd over - 0 runs, 0 hits, 0 errors, 1 left on base; Boston 1 - Minnesota 0
TOP OF THE 3RD
Boston Red Sox batting - Pitching for Minnesota Twins : RHP Bertram Rosenberger
Batting: SHB Christian Gibbs 0-0: Ball
1-0: Swinging Strike
1-1: Ball
2-1: Ball
3-1: Called Strike
3-2: Fly out, F7 (Flyball, 7LM, EV 97.5 MPH)
Batting: RHB William Spicer 0-0: Called Strike
0-1: Ball
1-1: Ball
2-1: Foul Ball, location: 3FF
2-2: Ball
3-2: Foul Ball, location: 2F
3-2: SINGLE (Flyball, 4MD, EV 96.9 MPH)
Batting: LHB Ben Viet 0-0: Ball
Wild Pitch!
William Spicer to second
1-0: Ground out 4-3 (Groundball, 4, EV 86.3 MPH)
William Spicer to third
Batting: RHB Pooh Whitney 0-0: Ball
1-0: Called Strike
1-1: Ball
2-1: SINGLE (Line Drive, 78S, EV 91.3 MPH)
William Spicer scores
Batting: RHB Liam Sena 0-0: Ball
1-0: Ball
2-0: Swinging Strike
2-1: Swinging Strike
2-2: Foul Ball, location: 2F
2-2: SINGLE (Line Drive, 6D, EV 105.0 MPH)
Pooh Whitney to second
Batting: RHB Alastair Cooledge 0-0: Ball
1-0: Ball
2-0: Fielders Choice at 2nd, 6-4 (Groundball, 6, EV 85.0 MPH)
Top of the 3rd over - 1 run, 3 hits, 0 errors, 2 left on base; Boston 2 - Minnesota 0
BOTTOM OF THE 3RD
Minnesota Twins batting - Pitching for Boston Red Sox : RHP Wynn Bunch
Batting: LHB Dan Crain 0-0: Foul Ball, location: 7LMF
0-1: Swinging Strike
0-2: Strikes out swinging
Batting: RHB Samuel Everhart 0-0: SINGLE (Groundball, 3D, EV 95.0 MPH)
Batting: LHB Archer Charles 0-0: SINGLE (Groundball, 4MS, EV 90.0 MPH) (infield hit)
Samuel Everhart to second
Batting: RHB Raul Cathey 0-0: Called Strike
Samuel Everhart steals 3rd base
0-1: Swinging Strike
0-2: Ball
1-2: Ball
2-2: Ball
3-2: Base on Balls
Archer Charles to second
Batting: RHB Zachary Dahdal 0-0: Called Strike
0-1: Foul Ball, location: 2RF
0-2: Ball
Wild Pitch!
Samuel Everhart scores
Archer Charles to third
Raul Cathey to second
1-2: Strikes out swinging
Batting: LHB Rusty Holmes 0-0: Ball
1-0: Ball
2-0: SINGLE (Groundball, 34D, EV 101.3 MPH)
Archer Charles scores
Raul Cathey to third
Runner from 3rd tries for Home, SAFE, throw by RF to home
Batting: RHB Nick Haftel 0-0: Called Strike
0-1: Called Strike
0-2: Ball
1-2: Fielders Choice at 2nd, 6-4 (Groundball, 6, EV 77.5 MPH)
Bottom of the 3rd over - 3 runs, 3 hits, 0 errors, 1 left on base; Boston 2 - Minnesota 3
TOP OF THE 4TH
Boston Red Sox batting - Pitching for Minnesota Twins : RHP Bertram Rosenberger
Batting: LHB Chase Veliz 0-0: Ball
1-0: Called Strike
1-1: Called Strike
1-2: Ball
2-2: Foul Ball, location: 2F
2-2: Ground out 6-3 (Groundball, 6, EV 101.3 MPH)
Batting: RHB Jalen Duke 0-0: SINGLE (Groundball, 6MD, EV 99.4 MPH)
Batting: RHB Ruben Otero 0-0: Called Strike
0-1: Ball
1-1: Ball
2-1: Called Strike
2-2: Ball
3-2: Base on Balls
Jalen Duke to second
Batting: SHB Christian Gibbs 0-0: Ball
1-0: Foul Ball, location: 9LMFF
1-1: Ball
2-1: Foul Ball, location: 23F
2-2: Foul Ball, location: 2F
2-2: Foul Ball, location: 3FF
2-2: Strikes out looking
Batting: RHB William Spicer 0-0: Called Strike
0-1: Ball
1-1: Ball
2-1: Ball
3-1: Called Strike
3-2: Foul Ball, location: 3DF
3-2: Foul Ball, location: 2F
3-2: Base on Balls
Jalen Duke to third
Ruben Otero to second
Pitching: RHP Richard Glenn
Batting: LHB Ben Viet 0-0: Foul Ball, location: 23FF
0-1: Ground out 4-3 (Groundball, 4S, EV 68.1 MPH)
Top of the 4th over - 0 runs, 1 hit, 0 errors, 3 left on base; Boston 2 - Minnesota 3
BOTTOM OF THE 4TH
Minnesota Twins batting - Pitching for Boston Red Sox : RHP Wynn Bunch
Batting: LHB Stanfield Reaves 0-0: Called Strike
0-1: Ball
1-1: Swinging Strike
1-2: SINGLE (Groundball, 56D, EV 96.9 MPH)
Batting: RHB Isiah Crudup 0-0: Bunted foul
0-1: Ball
1-1: Bunted foul
1-2: Ball
2-2: SINGLE (Groundball, 34D, EV 105.0 MPH)
Stanfield Reaves to second
Runner from 2nd tries for 3rd, SAFE, no throw by RF
Batting: LHB Dan Crain 0-0: Called Strike
0-1: Fielders Choice at 2nd, 3-6 (Groundball, 3, EV 91.3 MPH)
Stanfield Reaves scores
Batting: RHB Samuel Everhart 0-0: Ball
Dan Crain steals 2nd base
1-0: Called Strike
1-1: Ball
2-1: Foul Ball, location: 9LMF
2-2: Strikes out swinging
Batting: LHB Archer Charles 0-0: SINGLE (Groundball, 34D, EV 110.6 MPH)
Dan Crain to third
Runner from 3rd tries for Home, SAFE, throw by RF to home
Pitching: LHP Quillan Warner
Batting: RHB Raul Cathey 0-0: Called Strike
0-1: Ball
1-1: Fielders Choice at 2nd, 5-4 (Groundball, 56, EV 87.5 MPH)
Bottom of the 4th over - 2 runs, 3 hits, 0 errors, 1 left on base; Boston 2 - Minnesota 5
TOP OF THE 5TH
Boston Red Sox batting - Pitching for Minnesota Twins : RHP Richard Glenn
Batting: RHB Pooh Whitney 0-0: Ball
1-0: Swinging Strike
1-1: Ball
2-1: Ground out U3 (Groundball, 3S, EV 88.1 MPH)
Batting: RHB Liam Sena 0-0: Ball
1-0: Ball
2-0: Called Strike
2-1: Swinging Strike
2-2: Fly out, F6 (Popup, 4M, EV 69.4 MPH)
Batting: RHB Alastair Cooledge 0-0: Called Strike
0-1: Ball
1-1: SINGLE (Line Drive, 9S, EV 86.9 MPH)
Batting: LHB Chase Veliz 0-0: Ball
1-0: SINGLE (Line Drive, 6D, EV 94.4 MPH)
Alastair Cooledge to second
Batting: RHB Jalen Duke 0-0: Called Strike
0-1: Foul Ball, location: 2F
0-2: Ball
1-2: Strikes out swinging
Top of the 5th over - 0 runs, 2 hits, 0 errors, 2 left on base; Boston 2 - Minnesota 5
BOTTOM OF THE 5TH
Minnesota Twins batting - Pitching for Boston Red Sox : LHP Quillan Warner
Batting: RHB Zachary Dahdal 0-0: Ball
1-0: Called Strike
1-1: Fly out, F6 (Popup, 4MD, EV 63.1 MPH)
Batting: LHB Rusty Holmes 0-0: Ball
1-0: Ball
2-0: Foul Ball, location: 9LDF
2-1: Ball
3-1: DOUBLE (Flyball, 8LXD, EV 109.4 MPH)
Batting: RHB Nick Haftel 0-0: Called Strike
0-1: Ball
1-1: Called Strike
1-2: Fly out, F9 (Line Drive, 9S, EV 100.6 MPH)
Batting: LHB Stanfield Reaves 0-0: Called Strike
0-1: Called Strike
0-2: Strikes out swinging
Bottom of the 5th over - 0 runs, 1 hit, 0 errors, 1 left on base; Boston 2 - Minnesota 5
TOP OF THE 6TH
Boston Red Sox batting - Pitching for Minnesota Twins : RHP Richard Glenn
Batting: RHB Ruben Otero 0-0: Called Strike
0-1: Called Strike
0-2: Ball
1-2: Ball
2-2: Ball
3-2: Foul Ball, location: 9LSF
3-2: Ground out 6-3 (Groundball, 6, EV 96.3 MPH)
Batting: SHB Christian Gibbs 0-0: Ball
1-0: Swinging Strike
1-1: Ball
2-1: Ball
3-1: Ground out 2-3 (Groundball, 13S, EV 68.8 MPH)
Batting: RHB William Spicer 0-0: Ball
1-0: Called Strike
1-1: Foul Ball, location: 2F
1-2: Ball
2-2: Strikes out swinging
Top of the 6th over - 0 runs, 0 hits, 0 errors, 0 left on base; Boston 2 - Minnesota 5
BOTTOM OF THE 6TH
Minnesota Twins batting - Pitching for Boston Red Sox : LHP Quillan Warner
Batting: RHB Isiah Crudup 0-0: Ball
1-0: Foul Ball, location: 3F
1-1: Foul Ball, location: 7LSF
1-2: Ball
2-2: Strikes out swinging
Batting: LHB Dan Crain 0-0: Called Strike
0-1: Called Strike
0-2: Ball
1-2: Ground out 5-3 (Groundball, 5, EV 103.8 MPH)
Batting: RHB Samuel Everhart 0-0: Called Strike
0-1: Fly out, F8 (Flyball, 8RD, EV 91.9 MPH)
Bottom of the 6th over - 0 runs, 0 hits, 0 errors, 0 left on base; Boston 2 - Minnesota 5
TOP OF THE 7TH
Boston Red Sox batting - Pitching for Minnesota Twins : RHP Richard Glenn
Batting: LHB Ben Viet 0-0: Called Strike
0-1: Ball
1-1: Fly out, F7 (Flyball, 78S, EV 94.4 MPH)
Batting: RHB Pooh Whitney 0-0: Ball
1-0: Ball
2-0: Foul Ball, location: 3FF
2-1: Fly out, F8 (Line Drive, 8RM, EV 93.1 MPH)
Batting: RHB Liam Sena 0-0: Ball
1-0: Swinging Strike
1-1: Ball
2-1: Ball
3-1: Base on Balls
Batting: RHB Alastair Cooledge 0-0: Fly out, F7 (Flyball, 7D, EV 90.0 MPH)
Top of the 7th over - 0 runs, 0 hits, 0 errors, 1 left on base; Boston 2 - Minnesota 5
BOTTOM OF THE 7TH
Minnesota Twins batting - Pitching for Boston Red Sox : LHP Quillan Warner
Batting: LHB Archer Charles 0-0: Called Strike
0-1: Ball
1-1: Ground out 4-3 (Groundball, 13, EV 80.6 MPH)
Batting: RHB Raul Cathey 0-0: Called Strike
0-1: Foul Ball, location: 2F
0-2: Ball
1-2: Strikes out swinging
Batting: RHB Zachary Dahdal 0-0: SINGLE (Groundball, 6MD, EV 94.4 MPH)
Batting: LHB Rusty Holmes 0-0: Called Strike
0-1: Foul Ball, location: 2F
0-2: Ball
1-2: SINGLE (Line Drive, 8LS, EV 91.3 MPH)
Zachary Dahdal to second
Runner from 2nd tries for 3rd, SAFE, throw by CF made to third
Batting: RHB Nick Haftel 0-0: Called Strike
Pickoff Throw to First - Out! 1-3
Bottom of the 7th over - 0 runs, 2 hits, 0 errors, 1 left on base; Boston 2 - Minnesota 5
TOP OF THE 8TH
Boston Red Sox batting - Pitching for Minnesota Twins : RHP Richard Glenn
Pitching: RHP T.J. Hamilton
Batting: LHB Chase Veliz 0-0: Ball
1-0: Called Strike
1-1: Foul Ball, location: 5SF
1-2: Foul Ball, location: 2LF
1-2: Strikes out swinging
Batting: RHB Jalen Duke 0-0: Foul Ball, location: 2F
0-1: Swinging Strike
0-2: Ball
1-2: Ball
2-2: DOUBLE (Flyball, 7LD, EV 107.5 MPH)
Batting: RHB Ruben Otero 0-0: Foul Ball, location: 2F
0-1: Ball
1-1: DOUBLE (Groundball, 5L, EV 98.1 MPH)
Jalen Duke scores
Batting: SHB Christian Gibbs 0-0: Ball
1-0: Foul Ball, location: 9LSFF
1-1: Ball
2-1: Fly out, F7 (Flyball, 78S, EV 89.4 MPH)
Batting: RHB William Spicer 0-0: Swinging Strike
0-1: Foul Ball, location: 9LMF
0-2: Ball
1-2: Strikes out looking
Top of the 8th over - 1 run, 2 hits, 0 errors, 1 left on base; Boston 3 - Minnesota 5
BOTTOM OF THE 8TH
Minnesota Twins batting - Pitching for Boston Red Sox : LHP Quillan Warner
Batting: RHB Nick Haftel 0-0: Called Strike
0-1: SINGLE (Line Drive, 8LS, EV 100.6 MPH)
Batting: LHB Stanfield Reaves 0-0: Ball
1-0: Called Strike
1-1: Called Strike
1-2: Foul Ball, location: 2LF
1-2: Foul Ball, location: 2F
1-2: Strikes out swinging
Batting: RHB Isiah Crudup 0-0: Ball
1-0: Fly out, F9 (Flyball, 89M, EV 101.3 MPH)
Batting: LHB Dan Crain 0-0: Ball
1-0: SINGLE (Line Drive, 89S, EV 103.1 MPH)
Nick Haftel to second
Pitching: LHP Louis Favreau
Batting: RHB Samuel Everhart 0-0: Ball
1-0: Ball
2-0: Ball
3-0: SINGLE (Line Drive, 6D, EV 94.4 MPH)
Nick Haftel to third
Dan Crain to second
Runner from 3rd tries for Home, SAFE, throw by LF to home
Batting: LHB Archer Charles 0-0: Called Strike
0-1: Foul Ball, location: 7LSF
0-2: Ball
1-2: Foul Ball, location: 3F
1-2: Foul Ball, location: 2F
1-2: Fly out, F7 (Line Drive, 7, EV 87.5 MPH)
Bottom of the 8th over - 1 run, 3 hits, 0 errors, 2 left on base; Boston 3 - Minnesota 6
TOP OF THE 9TH
Boston Red Sox batting - Pitching for Minnesota Twins : RHP T.J. Hamilton
Pitching: LHP Gabriel McClanahan
Batting: LHB Ben Viet 0-0: Ball
1-0: Ground out 4-3 (Groundball, 4, EV 80.6 MPH)
Batting: RHB Pooh Whitney 0-0: Ball
1-0: SINGLE (Line Drive, 6D, EV 105.6 MPH)
Batting: RHB Liam Sena 0-0: Ball
1-0: DOUBLE (Line Drive, 3D, EV 105.0 MPH)
Pooh Whitney to third
Batting: RHB Alastair Cooledge 0-0: Ball
1-0: Called Strike
1-1: Called Strike
1-2: Fielders Choice attempt at home, Runner SAFE. 4-2 (Groundball, 4, EV 103.1 MPH)
Liam Sena to third
Pinch Hitting: SHB Ward Saylor 0-0: Ball
1-0: Ball
2-0: Grounds into double play, 4-6-3 (Groundball, 4MD, EV 97.5 MPH)
Top of the 9th over - 1 run, 2 hits, 0 errors, 1 left on base; Boston 4 - Minnesota 6
Sunday, April 21st , 2024 - OOTP Baseball 24.11 Build 85